 Dungeon Crawl Stone Soup version 0.25-a0-253-g6f1b5d974a (webtiles) character file.

Game seed: 7081318070790288034, levelgen mode: classic

4269 Borgoz the Cleaver (level 10, -4/61 HPs)
             Began as a Gargoyle Gladiator on Dec 5, 2019.
             Was an Elder of Okawaru.
             Slain by a wight
             ... wielding a +0 halberd
              (8 damage)
             ... on level 8 of the Dungeon.
             The game lasted 00:11:42 (7156 turns).

Borgoz the Cleaver (Gargoyle Gladiator)             Turns: 7156, Time: 00:11:43

Health: -4/61      AC: 16    Str: 19    XL:     10   Next: 31%
Magic:  10/10      EV: 15    Int:  9    God:    Okawaru [****..]
Gold:   440        SH:  0    Dex: 13    Spells: 9/9 levels left

rFire    . . .     SeeInvis .   q - +3 hand axe (freeze)
rCold    . . .     Gourm    .   (no shield)
rNeg     + . .     Faith    .   p - +0 ring mail
rPois    ∞         Spirit   .   c - +0 helmet
rElec    +         Reflect  .   j - +0 cloak
rCorr    .         Harm     .   (no gloves)
MR       +....                  (no boots)
Stlth    +.........             (no amulet)
HPRegen  0.20/turn              u - ring of protection from magic
MPRegen  0.12/turn              (no ring)

@: studying Ice Magic
A: negative energy resistance 1, electricity resistance, unbreathing,
petrification resistance, rot immunity, AC +7
a: Heroism, Renounce Religion


You were on level 8 of the Dungeon.
You worshipped Okawaru.
Okawaru was greatly pleased with you.
You were very hungry.

You visited 2 branches of the dungeon, and saw 9 of its levels.

You collected 440 gold pieces.

Inventory:

Hand Weapons
 q - a +3 hand axe of freezing (weapon)
Missiles
 s - 2 throwing nets (quivered)
Armour
 c - a +0 helmet (worn)
 e - a +3 ring mail of cold resistance
 j - a +0 cloak (worn)
 p - a +0 ring mail (worn)
Jewellery
 u - a ring of protection from magic (left hand)
Wands
 b - a wand of iceblast (12)
 l - a wand of digging (7)
Scrolls
 d - 2 scrolls of identify
 h - 6 scrolls of teleportation
 i - a scroll of blinking {unknown}
 k - 8 scrolls of remove curse
 m - 3 scrolls of amnesia
 t - a scroll of enchant weapon
 w - 2 scrolls of enchant armour
Potions
 g - a potion of resistance
 n - a potion of mutation
 o - a potion of agility
 r - 2 potions of cancellation
Books
 a - a manual of Ice Magic
Comestibles
 f - 10 rations


   Skills:
 + Level 6.8 Fighting
 * Level 8.3 Axes
 - Level 1.7 Throwing
 + Level 6.3 Armour
 * Level 7.6 Dodging


You had 9 spell levels left.
You didn't know any spells.
Your spell library was empty.

Dungeon Overview and Level Annotations

Branches:
Dungeon (8/15)             Temple (1/1) D:4
   Lair: D:8-11

Altars:
Ashenzari
Cheibriados
Dithmenos
Elyvilon
Fedhas
Gozag
Hepliaklqana
Makhleb
Nemelex Xobeh
Okawaru
Qazlal
Ru
Sif Muna
Uskayaw
Vehumet
Wu Jian
Xom
Zin
The Shining One

Shops:
D:4 }   D:6 [

Annotations:
D:3 1 runed translucent door


Innate Abilities, Weirdness & Mutations

You are resistant to torment.
Your stone body is resilient. (AC +7)
You are immune to poison.
You resist negative energy. (rN+)
You are resistant to electric shocks. (rElec)
You can survive without breathing.
You are immune to petrification.
You are immune to rotting.


Message History

The two-headed ogre hits you with a cursed -2 dire flail!
* * * LOW HITPOINT WARNING * * *
The two-headed ogre closely misses you. The wight closely misses you. x2
You closely miss the wight.
The wight is almost destroyed.
You barely miss the two-headed ogre.
Unknown command.
You closely miss the wight.
The wight is almost destroyed.
You slash the two-headed ogre! You freeze the two-headed ogre.
The two-headed ogre hits you but does no damage.
The two-headed ogre closely misses you. The wight hits you but does no damage.
The wight barely misses you.
You closely miss the wight.
The wight is almost destroyed.
You hit the two-headed ogre. You freeze the two-headed ogre.
You kill the two-headed ogre!
Okawaru accepts your kill.
The wight hits you from afar with a +0 halberd!
You die...

##########
.........#
.......<.#
########.#
######.##
#........########
...####..........
#@#########
......z)#
###..z.z#
###.....##
###.....###
...........#
...........#
....._......


You could see 3 wights.

Vanquished Creatures
  Harold (D:7)
  A two-headed ogre (D:8)
  Pikel (D:7)
  A hippogriff (D:7)
  Sigmund (D:2)
  Duvessa (D:7)
  3 slaves (D:7)
  An orc warrior (D:7)
  A necrophage (D:7)
  2 ice beasts
  3 ogres (D:7)
  3 centaurs
  A big kobold (D:7)
  A bullfrog (D:7)
  Dowan (D:7)
  A water moccasin skeleton (D:5)
  3 wights (D:6)
  2 crimson imps (D:6)
  A quasit (D:6)
  2 hounds
  5 orc wizards
  3 orc priests
  A gnoll shaman (D:7)
  Crazy Yiuf (D:7)
  An iguana (D:7)
  3 worker ants
  A mummy (D:8)
  A hound skeleton (D:5)
  A howler monkey zombie (D:5)
  A worker ant zombie (D:7)
  9 gnolls
  6 adders
  A shadow imp (D:5)
  An adder skeleton (D:5)
  2 worms (D:2)
  3 dart slugs
  5 leopard geckos
  28 orcs
  3 ball pythons
  7 giant cockroaches
  16 goblins
  11 hobgoblins
  6 jackals (D:2)
  6 quokkas
  5 bats
  2 frilled lizards
  A giant cockroach zombie (D:5)
  A jackal skeleton (D:4)
  6 kobolds
  A leopard gecko zombie (D:7)
  A quokka skeleton (D:5)
  4 rats
174 creatures vanquished.

Notes
Turn   | Place    | Note
-------+----------+-------------------------------------------
     0 | D:1      | Borgoz the Gargoyle Gladiator began the quest for the Orb.
     0 | D:1      | Reached XP level 1. HP: 12/12 MP: 1/1
    60 | D:1      | Reached XP level 2. HP: 16/17 MP: 2/2
   257 | D:1      | Reached skill level 3 in Axes
   665 | D:2      | Noticed Sigmund
   694 | D:2      | Killed Sigmund
   694 | D:2      | Reached XP level 3. HP: 7/23 MP: 3/3
   694 | D:2      | Reached XP level 4. HP: 8/28 MP: 4/4
   694 | D:2      | Reached XP level 5. HP: 10/32 MP: 5/5
  1326 | D:2      | Reached skill level 4 in Axes
  1802 | D:3      | Found a faded altar of an unknown god.
  1803 | D:3      | Reached XP level 6. HP: 37/37 MP: 6/6
  2007 | D:3      | Found a runed translucent door.
  2046 | D:3      | You fall into a shaft and drop 1 floor!
  2155 | D:4      | Found a staircase to the Ecumenical Temple.
  2183 | Temple   | Entered the Ecumenical Temple
  2536 | D:4      | Found Qeowuhod's Gadget Shop.
  2600 | D:4      | Found an iron altar of Okawaru.
  2600 | D:4      | Found a sacrificial altar of Ru.
  3110 | D:5      | Entered Level 5 of the Dungeon
  3114 | D:5      | Reached XP level 7. HP: 42/42 MP: 7/7
  3217 | D:4      | Became a worshipper of Warmaster Okawaru
  3537 | D:5      | HP: 2/43 [centaur (6)]
  3538 | D:5      | Reached skill level 5 in Axes
  3857 | D:5      | Reached * piety under Okawaru
  3931 | D:5      | Upgraded the game from 0.25-a0-251-g572059c536 to
                  | 0.25-a0-253-g6f1b5d974a
  4053 | D:5      | Found a shattered altar of Ashenzari.
  4124 | D:5      | Reached XP level 8. HP: 29/48 MP: 8/8
  4333 | D:5      | Found a stormy altar of Qazlal.
  4378 | D:6      | Found Rov Viog's Armour Shoppe.
  4501 | D:6      | Reached skill level 5 in Dodging
  4773 | D:6      | HP: 1/48 [ice beast (6)]
  5350 | D:7      | Found a snail-covered altar of Cheibriados.
  5388 | D:7      | Reached skill level 5 in Fighting
  5389 | D:7      | Reached ** piety under Okawaru
  5389 | D:7      | Reached skill level 6 in Axes
  5572 | D:7      | Noticed Dowan
  5579 | D:7      | Noticed Duvessa
  5585 | D:7      | HP: 2/49 [Duvessa/+0 rapier (5)]
  5602 | D:7      | Killed Dowan
  5602 | D:7      | Reached XP level 9. HP: 22/54 MP: 9/9
  5624 | D:7      | Killed Duvessa
  6291 | D:7      | Noticed Pikel
  6321 | D:7      | Killed Pikel
  6321 | D:7      | Reached *** piety under Okawaru
  6321 | D:7      | Reached skill level 7 in Axes
  6321 | D:7      | Reached skill level 5 in Armour
  6694 | D:7      | Noticed Harold
  6715 | D:7      | Killed Harold
  6715 | D:7      | Reached **** piety under Okawaru
  6715 | D:7      | Reached skill level 8 in Axes
  6715 | D:7      | Reached XP level 10. HP: 20/61 MP: 10/10
  7043 | D:7      | Found a runed translucent door.
  7044 | D:7      | Noticed Crazy Yiuf
  7057 | D:7      | Killed Crazy Yiuf
  7112 | D:8      | Found a snail-covered altar of Cheibriados.
  7132 | D:8      | Noticed a two-headed ogre
  7156 | D:8      | Killed a two-headed ogre
  7156 | D:8      | Slain by a wight

Levels and vault maps discovered:
D:1:      sevenhm_arrival_forest_fort_small_6, layout_loops_cross
D:2:      cheibrodos_greedy_goblins, layout_basic, uniq_sigmund
D:3:      layout_basic, nicolae_overflow_crystal_walls,
          chequers_ecumenical_altar_island, first_ration, ebering_ghost_sewer_d
D:4:      layout_basic, gammafunk_temple_overflow_wave,
          minmay_temple_entry_overgrown, serial_shops, shop
D:5:      layout_loops_ring, evilmike_ruin_ashenzari, grunt_qazlal_clouds,
          minmay_manual_mares
D:6:      layout_gridville, serial_shops, shop
D:7:      layout_basic, basic_altar, uniq_duvessa, uniq_pikel,
          uniq_crazy_yiuf_cottage, uniq_harold
D:8:      layout_loops_ring, slow_altar_1, old_standard_altar, david_nohive_1,
          trog_ov_bears_minmay
Temple:   jpeg_temple_clearing

Skill      XL: |  1  2  3  4  5  6  7  8  9 |
---------------+----------------------------+-----
Axes           | 3 4 5 6 8 |  8.3
Fighting       | 3 4 5 6 |  6.8
Armour         | 2 3 4 6 |  6.3
Dodging        | 3 4 5 7 |  7.6
Throwing       | |  1.7

Action                   |  1- 3 |  4- 6 |  7- 9 | 10-12 || total
-------------------------+-------+-------+-------+-------++-------
Melee: War axe           |    47 |    65 |       |       ||   112
       Hand axe          |       |   133 |   351 |    54 ||   538
Throw: Throwing net      |     3 |       |     3 |       ||     6
  Use: Scroll            |     1 |     6 |     5 |       ||    12
       Potion            |     2 |       |     6 |       ||     8
 Stab: Held in net/web   |     1 |       |     2 |       ||     3
  Eat: Chunk             |       |     7 |     9 |       ||    16
       Ration            |       |       |     1 |       ||     1
Armor: Leather armour    |    24 |     6 |       |       ||    30
       Ring mail         |       |    84 |   158 |    20 ||   262
Dodge: Dodged            |    31 |   120 |   264 |    43 ||   458

Table legend:
 A = Non-vault XP
 B = Vault XP
 C = Vault XP percentage of total XP
 D = Non-vault monster count
 E = Vault monster count
 F = Vault count percentage of total count
                 A         B        C        D         E       F
            +---------+---------+-------+---------+---------+-------
      Total |    3801 |    2298 |  37.7 |     154 |      17 |   9.9
            +---------+---------+-------+---------+---------+-------
        D:1 |      26 |       0 |   0.0 |      15 |       0 |   0.0
        D:2 |      66 |     223 |  77.2 |      24 |       9 |  27.3
        D:3 |     101 |       0 |   0.0 |      18 |       0 |   0.0
        D:4 |     197 |       0 |   0.0 |      23 |       0 |   0.0
        D:5 |     442 |     218 |  33.0 |      23 |       2 |   8.0
        D:6 |     505 |       0 |   0.0 |      11 |       0 |   0.0
        D:7 |    1451 |    1836 |  55.9 |      31 |       5 |  13.9
        D:8 |    1013 |      21 |   2.0 |       9 |       1 |  10.0
            +---------+---------+-------+---------+---------+-------
